AoeStats
← Daniel5ds

Arabia

509709435Analyzed
2v2 RM · 6d ago on Sep 27, 2026· 40m 38s· 4 players
Game mode
Random Map
Map size
Medium (4 player)
Population
200
Speed
Normal
Resources
Standard
Victory
Conquest
Starting age
Dark Age
Ending age
Imperial Age
RankedLock teamsTeams togetherTeam positionsShared explorationLock speedFull tech treeHidden civsTurbo modeCheats
Victory
Defeat
🇺🇾 Byzantines · Uruguay
726
+16
🇺🇾 Spanish · Uruguay
726
+16
🇪🇨 Huns · Ecuador
774
-45
🇪🇨 Khmer · Ecuador
692
-33
KNCD
2:23 Loom
12:06 Feudal Age
13:13 Double-Bit Axe
13:11 Horse Collar
17:22 Gold Mining
25:34 Castle Age
23:49 Fletching
24:09 Forging
27:15 Bodkin Arrow
27:22 Padded Archer Armor
27:25 Scale Mail Armor
27:59 Pikeman
28:33 Elite Skirmisher
29:48 Squires
29:33 Gambesons
31:14 Wheelbarrow
34:38 Hand Cart
36:09 Ballistics
39:08 Imperial Age
agustinparra1
9:54 Feudal Age
9:54 Loom
11:22 Wheelbarrow
10:38 Double-Bit Axe
10:50 Horse Collar
12:06 Town Watch
18:35 Bloodlines
23:06 Castle Age
24:09 Hand Cart
24:01 Heavy Plow
24:13 Bow Saw
23:55 Gold Mining
23:55 Stone Mining
Daniel5ds
12:34 Feudal Age
13:32 Loom
13:53 Double-Bit Axe
20:17 Castle Age
21:44 Wheelbarrow
21:08 Gold Mining
27:01 Pikeman
28:08 Forging
Mario
12:35 Feudal Age
13:09 Arson
13:38 Horse Collar
16:36 Scale Barding Armor
16:31 Scale Mail Armor
26:50 Castle Age
26:46 Bloodlines
Connection lost

Rejoining the realm…

Still unreachable

The connection could not be restored.

Session expired

The server has moved on; the page needs a fresh start.